 Dungeon Crawl Stone Soup version 0.31-a0-219-g8d62b2e7bb (webtiles) character file.

Game seed: 9978532429560251257

144160 reriks the Eclecticist (level 16, -27/82 HPs)
             Began as a Spriggan Conjurer on July 2, 2023.
             Was a High Priest of Vehumet.
             Killed from afar by an orc sorcerer (52 damage)
             ... with a bolt of fire
             ... led by an orc knight
             ... on level 1 of the Orcish Mines on July 3, 2023.
             The game lasted 02:54:00 (72740 turns).

reriks the Eclecticist (Spriggan Conjurer)         Turns: 72740, Time: 02:54:00

Health: -27/82     AC:  4    Str:  3    XL:     16   Next: 84%
Magic:  11/40      EV: 22    Int: 26    God:    Vehumet [*****.]
Gold:   570        SH:  0    Dex: 15    Spells: 0/53 levels left

rFire   x . .        h - staff of Tender Mercy {rElec rPois rF- rC+ rN+++ Ice}
rCold   + + .        (shield currently unavailable)
rNeg    + + +        f - +2 robe {Will+}
rPois   +            (helmet restricted)
rElec   +            y - scarf {repulsion}
rCorr   .            (gloves unavailable)
SInv    +            (boots unavailable)
Will    +++..        (no amulet)
Stlth   ++++++       L - ring of wizardry
HPRegen 0.33/turn    H - ring of Ytises {Fly rC+}
MPRegen 0.27/turn

%: repel missiles, wizardry (x1)
@: flying, very quick
A: very small, no large weapons, unfitting armour, see invisible, speed 3
a: Renounce Religion


You were on level 1 of the Orcish Mines.
You worshipped Vehumet.
Vehumet was extremely pleased with you.
You visited 7 branches of the dungeon, and saw 31 of its levels.
You also visited: Ossuary.

You collected 2162 gold pieces.
You spent 1592 gold pieces at shops.

Inventory:

Hand Weapons
 e - a +3 dagger
 t - a +1 dagger of venom
 u - a +2 whip of electrocution
Missiles
 o - 57 poisoned darts
Armour
 f - a +2 robe of willpower (worn)
 y - a scarf of repulsion (worn)
 J - a +3 buckler
 P - a +2 robe of cold resistance
Magical Staves
 a - a staff of fire
 h - the staff of Tender Mercy (weapon) {rElec rPois rF- rC+ rN+++ Ice}
   (You found it on level 5 of the Lair of Beasts)

   [staff of cold]

   Base accuracy: +5 Base damage: 5 Base attack delay: 1.2 This weapon's minimum
   attack delay (0.6) is reached at skill level 12.
   rF:        It makes you vulnerable to fire.
   rC:        It protects you from cold.
   rElec:     It insulates you from electricity.
   rPois:     It protects you from poison.
   rN:        It renders you almost immune to negative energy.
   Ice:       It increases the power of your Ice spells.
   It falls into the 'Staves' category.
   It is a two-handed weapon.
 Y - a staff of cold
Jewellery
 g - an amulet of reflection
 p - a ring of resist corrosion
 q - the amulet of Aseudd {RegenMP rF+}
   (You bought it in a shop on level 2 of the Orcish Mines)

   [amulet of magic regeneration]

   It increases your rate of magic regeneration.
   rF:        It protects you from fire.
 E - a ring of fire
 F - a ring of wizardry
 G - a ring of fire
 H - the ring of Ytises (right hand) {Fly rC+}
   (You bought it in a shop on level 15 of the Dungeon)

   [ring of flight]

   rC:        It protects you from cold.
   Fly:       It grants you flight.
 L - a ring of wizardry (left hand)
Wands
 c - a wand of mindburst (7)
 w - a wand of iceblast (19)
 I - a wand of quicksilver (9)
 K - a wand of charming (2)
 N - a wand of flame (33)
 X - a wand of polymorph (6)
Scrolls
 d - 2 scrolls of amnesia
 i - a scroll of blinking
 k - 6 scrolls of enchant weapon
 r - a scroll of enchant armour
 s - 2 scrolls of revelation
 z - 2 scrolls of brand weapon
 D - 9 scrolls of teleportation
 M - 11 scrolls of identify
 O - 2 scrolls of poison
 S - 3 scrolls of fog
 T - 5 scrolls of fear
Potions
 b - 2 potions of magic
 j - 7 potions of enlightenment
 l - a potion of berserk rage
 m - 6 potions of curing
 n - 6 potions of mutation
 v - 2 potions of haste
 x - 5 potions of cancellation
 A - 2 potions of might
 B - 3 potions of degeneration
 C - 6 potions of lignification
 Q - a potion of brilliance
 V - 2 potions of heal wounds
 W - 4 potions of attraction
 Z - 8 potions of ambrosia


   Skills:
 + Level 8.5 Fighting
 + Level 8.7 Dodging
 - Level 16.5 Stealth
 + Level 6.9 Shields
 * Level 19.4 Spellcasting
 * Level 13.3 Conjurations
 - Level 3.2 Transmutations
 * Level 9.3 Earth Magic


You couldn't memorise any spells.
You knew the following spells:

 Your Spells              Type           Power      Damage    Failure   Level
a - Magic Dart            Conj           100%       1d8       0%          1
b - Searing Ray           Conj           100%       2d8       0%          2
c - Poisonous Vapours     Pois/Air       50%        N/A       1%          2
d - Irradiate             Conj/Tmut      31%        3d22      1%          5
e - Mephitic Cloud        Conj/Pois/Air  48%        N/A       1%          3
f - Fulminant Prism       Conj/Hex       28%        3d14      1%          4
g - Iskenderun's Mystic   Conj/Tloc      56%        2d12      1%          4
h - Olgreb's Toxic Radia  Pois           25%        N/A       2%          4
i - Arcjolt               Conj/Air       28%        1d38      1%          5
j - Lehudib's Crystal Sp  Conj/Erth      35%        10d9      12%         8
k - Stone Arrow           Conj/Erth      100%       3d13      1%          3
l - Leda's Unmaking       Conj/Erth      35%        9d6       1%          6
m - Passwall              Tmut/Erth      45%        N/A       1%          2
n - Petrify               Tmut/Erth      55%        N/A       1%          4

Your spell library contained the following spells:

 Spells                   Type           Power      Damage    Failure   Level
 Sandblast                Erth           100%       2d20      1%          1
 Shock                    Conj/Air       100%       1d9       1%          1
 Summon Small Mammal      Summ           100%       N/A       1%          1
 Ensorcelled Hibernation  Hex/Ice        74%        N/A       1%          2
 Sublimation of Blood     Necr           25%        N/A       1%          2
 Dazzling Flash           Conj/Hex       100%       N/A       1%          3
 Inner Flame              Hex/Fire       25%        N/A       1%          3
 Spider Form              Tmut/Pois      33%        N/A       1%          3
 Animate Armour           Summ/Erth      98%        N/A       1%          4
 Flame Wave               Conj/Fire      56%        2d13      1%          4
 Leda's Liquefaction      Hex/Erth       24%        N/A       1%          4
 Sticky Flame             Conj/Fire      56%        2d7       1%          4
 Lee's Rapid Deconstruct  Erth           32%        3d17*     1%          5
 Call Canine Familiar     Summ           25%        N/A       2%          3
 Portal Projectile        Hex/Tloc       50%        N/A       2%          3
 Summon Guardian Golem    Hex/Summ       25%        N/A       2%          3
 Swiftness                Air            25%        N/A       2%          3
 Airstrike                Air            12%        2d(2-18)  2%          4
 Starburst                Conj/Fire      28%        6d9       2%          6
 Blade Hands              Tmut           21%        N/A       5%          5
 Anguish                  Hex/Necr       12%        N/A       7%          4
 Cause Fear               Hex            12%        N/A       7%          4
 Summon Lightning Spire   Summ/Air       25%        N/A       7%          4
 Eringya's Noxious Bog    Tmut/Pois      16%        N/A       14%         6
 Summon Forest            Summ/Tloc      12%        N/A       19%         5
 Dragon Form              Tmut           21%        N/A       82%         7
 Summon Hydra             Summ           12%        N/A       99%         7
 Dragon's Call            Summ           12%        N/A       100%        9


Dungeon Overview and Level Annotations

Branches:
Dungeon (15/15)            Temple (1/1) D:6            Lair (5/5) D:8
  Swamp (2/4) Lair:3       Spider (4/4) Lair:2        Slime (0/5) Lair:5
    Orc (2/2) D:9             Elf (2/3) Orc:2        Vaults (0/5) D:14
 Depths (0/4) D:15        Ossuary (visited)

Altars:
Ashenzari
Cheibriados
Dithmenos
Elyvilon
Fedhas
Gozag
Hepliaklqana
Kikubaaqudgha
Makhleb
Nemelex Xobeh
Okawaru
Qazlal
Ru
Sif Muna
Trog
Uskayaw
Vehumet
Wu Jian
Xom
Yredelemnul
Zin
The Shining One
Jiyva

Shops:
D:10 *[   D:15 =   Orc:2 ***=

Annotations:
D:8 Gastronok
D:13 2 transporters, Etrocim's ghost, journeyman KoDe
Swamp:2 Nikola
Spider:3 Aizul
Elf:1 Zenata


Innate Abilities, Weirdness & Mutations

You are very small and have problems with some larger weapons.
You are too small for most types of armour.
You have supernaturally acute eyesight. (SInv)
You cover ground extremely quickly. (Speed+++)


Message History

The orc sorcerer points at you and mumbles some strange words.
The bolt of negative energy hits the orc warrior!!
The orc warrior is drained!
The orc warrior dies!
The bolt of negative energy misses you.
The orc wizard looks as sick as possible!
You kill the orc wizard!
Vehumet accepts your kill.
You feel your power returning.
You kill the orc wizard!
Vehumet accepts your kill.
You feel your power returning.
The two-headed ogre looks even sicker.
Your toxic aura wanes.
Casting: Olgreb's Toxic Radiance (dangerous; 2% risk of failure)
Confirm with . or Enter, or press ? or * to list all spells.
Aiming: Leda's Unmaking (dangerous; 1% risk of failure)
Press: ? - help, Shift-Dir - straight line, f - orc warrior
Aim: an orc warrior, wielding a +0 short sword and wearing a +0 plate armour (severely wounded, extremely poisoned, 74% to hit)
The entropic shot hits the orc warrior!!
The orc warrior dissolves into mud!
You kill the orc warrior!
Vehumet accepts your kill.
You feel your power returning.
You kill the orc warrior!
Vehumet accepts your kill.
You feel your power returning.
Casting: Leda's Unmaking (dangerous; 1% risk of failure)
Confirm with . or Enter, or press ? or * to list all spells.
Aiming: Leda's Unmaking (dangerous; 1% risk of failure)
Press: ? - help, Shift-Dir - straight line, f - rust devil
Aim: a rust devil (summoned, 81% to hit)
The entropic shot hits the rust devil!!!
The rust devil dissolves into mud!
You kill the rust devil!
The rust devil disappears in a puff of smoke!
The orc sorcerer casts a spell at you. The bolt of fire hits you!!!
The fire burns you terribly!
Ouch! That really hurt!
You die...

###..$....##....
..#..#.#...#.... ..
.....###..#....#.##.##
....###....#.........
....................##
............#........#
$...........#..# ....#
.......))).....##....##
........>)...O..@.....#
.........ooo)......#.##
o..#.......o~...####
....).....).ยง.###
............~~#
.##.....##.#.##
##############


You could see an orc knight (very poisoned), an orc high priest (very poisoned,
struggling), a two-headed ogre (very poisoned), an orc sorcerer (very poisoned,
struggling) and an orc wizard (poisoned).

Vanquished Creatures
  Rupert (D:13)
  Frances (Spider:2)
  A fenstrider witch (Swamp:1)
  2 broodmothers
  A spark wasp (Spider:4)
  Fannar (D:11)
  3 entropy weavers
  Erolcha (D:13)
  Harold (D:9)
  5 hydras
  The ghost of AwFulAwFulPlayer the Basher, a novice OgGl (D:9)
  An ogre mage (D:15)
  3 catoblepae (Lair:5)
  3 jorogumos
  6 centaur warriors
  A ghost crab (Lair:3)
  A death knight (D:13)
  4 radroaches
  7 two-headed ogres
  2 dancing weapons
  12 boulder beetles
  8 death yaks (Lair:5)
  9 orc high priests
  Urug (D:12)
  3 spriggans (Swamp:1)
  2 skysharks
  4 pharaoh ants
  A skeletal warrior (D:13)
  A wizard (D:15)
  9 orb spiders
  5 steelbarb worms
  2 deep elf archers (Elf:1)
  7 deep elf pyromancers
  A necromancer (D:15)
  Pikel (D:4)
  7 deep elf zephyrmancers
  5 wolf spiders (Spider:2)
  2 oklob plants
  7 cyclopes
  12 ugly things
  5 manticores
  16 elephants
  Maurice (D:8)
  A faun (shapeshifter) (D:10)
  4 moths of wrath
  A torpor snail (Spider:2)
  7 black mambas
  An unseen horror (D:12)
  14 cane toads
  2 centaur skeletons (D:15)
  A gargoyle (D:13)
  A rime drake (Lair:4)
  An efreet (D:14)
  7 komodo dragons
  4 freezing wraiths
  9 meliai
  A tyrant leech (Lair:3)
  A queen bee (D:12)
  8 trolls
  5 hornets
  3 polar bears
  The ghost of innerfire43 the Grave Robber, an amateur DsMo of Makhleb (D:5)
  7 tarantellas
  A spectral dream sheep (Lair:3)
  Grinder (D:6)
  A spectral elephant (Lair:3)
  2 centaur simulacra
  15 jumping spiders
  6 slime creatures
  14 culicivoras
  A spriggan (shapeshifter) (D:10)
  A vampire (D:14)
  12 humans
  3 basilisks
  6 wyverns
  88 yaks
  2 steam dragons
  19 redbacks
  6 vampire mosquitoes
  A swamp worm (Lair:1)
  4 wargs
  5 acid dragons
  9 water moccasins
  14 orc warriors
  5 ice beasts
  4 black bears
  6 ogres
  A phantom (D:6)
  12 wolves
  11 centaurs
  4 lemures (D:4)
  3 kobold brigands
  4 elf zombies (Ossuary)
  Blork the orc (D:6)
  6 scorpions
  13 bullfrogs
  A gnoll sergeant (D:6)
  21 wights
  31 killer bees
  2 howler monkeys
  5 centaur zombies
  A quasit (D:7)
  5 hounds
  4 human zombies (Ossuary)
  13 jellies
  Crazy Yiuf (D:3)
  2 gnoll boudas
  39 orc priests
  4 sleepcaps
  5 iguanas
  12 hell rats
  19 orc wizards
  3 mummies (Ossuary)
  13 gnolls
  4 adders
  6 shadow imps
  2 white imps
  5 ufetubi
  5 worms
  2 dart slugs
  91 orcs
  7 bats
  7 endoplasms
  5 giant cockroaches
  10 goblins
  7 hobgoblins
  16 jackals
  6 quokkas
  10 ball pythons
  5 frilled lizards
  A goblin zombie (D:6)
  19 kobolds
  10 rats
  A rat zombie (D:6)
  A fulminant prism (D:11)
928 creatures vanquished.

Vanquished Creatures (collateral kills)
  A spriggan (Swamp:1)
1 creature vanquished.

Vanquished Creatures (others)
  A vault guard (D:14)
  Sonja (D:11)
  An orc warrior (Orc:1)
  89 fulminant prisms
92 creatures vanquished.

Grand Total: 1021 creatures vanquished

Notes
Turn   | Place    | Note
-------+----------+-------------------------------------------
     0 | D:1      | reriks the Spriggan Conjurer began the quest for the Orb.
     0 | D:1      | Reached XP level 1. HP: 9/9 MP: 5/5
   235 | D:1      | Reached XP level 2. HP: 13/13 MP: 3/6
   275 | D:1      | Reached skill level 3 in Spellcasting
  1029 | D:1      | Reached XP level 3. HP: 16/16 MP: 6/8
  1055 | D:1      | Learned a level 2 spell: Searing Ray
  2865 | D:2      | Reached XP level 4. HP: 21/21 MP: 8/10
  2982 | D:2      | Reached skill level 4 in Spellcasting
  4165 | D:3      | Found a runed translucent door.
  4166 | D:3      | Noticed Crazy Yiuf
  4461 | D:3      | Killed Crazy Yiuf
  4462 | D:3      | Reached XP level 5. HP: 24/24 MP: 1/12
  5281 | D:4      | Noticed Pikel
  5281 | D:4      | Noticed a lemure
  5281 | D:4      | Noticed a lemure
  5281 | D:4      | Noticed a lemure
  5282 | D:4      | Noticed a lemure
  5298 | D:4      | Killed a lemure
  5306 | D:4      | Killed a lemure
  5521 | D:4      | Killed a lemure
  5585 | D:4      | Reached skill level 5 in Spellcasting
  6194 | D:4      | Killed a lemure
  6315 | D:4      | Killed Pikel
  6316 | D:4      | Reached skill level 6 in Spellcasting
  6316 | D:4      | Reached XP level 6. HP: 28/28 MP: 5/16
  6316 | D:4      | Reached XP level 7. HP: 32/32 MP: 5/17
  6438 | D:5      | Entered Level 5 of the Dungeon
  6779 | D:5      | Found a runed translucent door.
  6780 | D:5      | Noticed innerfire43's ghost (amateur DsMo)
  6796 | D:5      | Found a bloodstained altar of Trog.
  6849 | D:5      | Reached skill level 5 in Conjurations
  7043 | D:5      | Reached skill level 7 in Spellcasting
  7562 | D:5      | Reached XP level 8. HP: 36/36 MP: 9/20
  7636 | D:5      | Found a glowing golden altar of the Shining One.
  8054 | D:6      | Found a sand-covered staircase.
  8061 | Ossuary  | Entered an ossuary
  8257 | Ossuary  | Reached skill level 8 in Spellcasting
  9279 | D:6      | Reached skill level 9 in Spellcasting
  9477 | D:6      | Found a staircase to the Ecumenical Temple.
  9507 | D:6      | Noticed a two-headed ogre
  9532 | Temple   | Entered the Ecumenical Temple
  9622 | Temple   | Became a worshipper of Vehumet
  9723 | D:6      | Killed a two-headed ogre
  9724 | D:6      | Reached XP level 9. HP: 39/39 MP: 4/23
  9888 | D:6      | Found an iron altar of Okawaru.
  9966 | D:6      | Noticed Grinder
  9974 | D:6      | Killed Grinder
  9975 | D:6      | Reached skill level 10 in Spellcasting
 10018 | D:6      | Noticed Blork the orc
 10086 | D:6      | Killed Blork the orc
 10628 | D:6      | Reached skill level 10 in Stealth
 11262 | D:6      | Reached * piety under Vehumet
 11262 | D:6      | Offered knowledge of Kiss of Death by Vehumet.
 11275 | D:6      | Reached skill level 11 in Spellcasting
 11660 | D:6      | Reached XP level 10. HP: 44/44 MP: 13/26
 14333 | D:7      | Reached skill level 1 in Fighting
 15732 | D:8      | Reached skill level 12 in Spellcasting
 15770 | D:8      | Offered knowledge of Poisonous Vapours by Vehumet.
 16129 | D:8      | Reached ** piety under Vehumet
 16247 | D:8      | Noticed Gastronok
 16623 | D:7      | Learned a level 2 spell: Poisonous Vapours
 16629 | D:7      | Learned a level 5 spell: Irradiate
 16984 | D:8      | Noticed Maurice
 17053 | D:8      | Killed Maurice
 17054 | D:8      | Reached skill level 1 in Transmutations
 17500 | D:8      | Found a staircase to the Lair.
 17714 | D:8      | Reached XP level 11. HP: 46/51 MP: 18/28
 18836 | D:8      | Offered knowledge of Mephitic Cloud by Vehumet.
 18841 | D:8      | Learned a level 3 spell: Mephitic Cloud
 19402 | Lair:1   | Entered Level 1 of the Lair of Beasts
 19466 | Lair:1   | Reached skill level 13 in Spellcasting
 19739 | D:9      | Learned a level 4 spell: Fulminant Prism
 19744 | D:9      | Learned a level 4 spell: Iskenderun's Mystic Blast
 19825 | D:9      | Noticed Harold
 20149 | D:9      | Found a staircase to the Orcish Mines.
 20865 | D:9      | You fall into a shaft and drop 3 floors!
 20992 | D:12     | Reached *** piety under Vehumet
 21083 | D:12     | Noticed a boulder beetle
 21111 | D:12     | Noticed Urug
 21147 | D:10     | Entered Level 10 of the Dungeon
 21157 | D:10     | Found Omebedwi's Armour Shoppe.
 21284 | D:10     | Identified the +2 leather armour of Decompression {+Blink
                  | rPois rN+ Slay+2}
 21284 | D:10     | Noticed a deep elf pyromancer
 21436 | D:10     | Found a sacrificial altar of Ru.
 21661 | D:9      | Reached skill level 1 in Shields
 21661 | D:9      | Offered knowledge of Olgreb's Toxic Radiance by Vehumet.
 21749 | D:9      | Learned a level 4 spell: Olgreb's Toxic Radiance
 21750 | D:9      | Found a shimmering altar of Xom.
 21809 | D:9      | Identified the +1 chain mail of the Prince of Darkness
                  | {Will+}
 21928 | D:9      | Killed Harold
 22490 | D:9      | Found a runed translucent door.
 22491 | D:9      | Found a shimmering altar of Xom.
 22491 | D:9      | Noticed AwFulAwFulPlayer's ghost (novice OgGl)
 22492 | D:9      | Noticed a +0 hand axe of chaos
 23342 | Orc:1    | Entered Level 1 of the Orcish Mines
 23356 | Orc:2    | Entered Level 2 of the Orcish Mines
 23377 | Orc:1    | Noticed an orc sorcerer
 23377 | Orc:1    | Noticed an orc knight
 23380 | Orc:1    | Noticed a two-headed ogre
 23390 | Orc:1    | Noticed an orc high priest
 23659 | D:9      | Reached **** piety under Vehumet
 24715 | Orc:2    | Noticed an orc high priest
 24724 | Orc:2    | Killed an orc high priest
 24725 | Orc:2    | Reached skill level 14 in Spellcasting
 24976 | Orc:2    | Found a radiant altar of Vehumet.
 25057 | Orc:2    | Reached XP level 12. HP: 42/58 MP: 12/31
 25335 | Orc:2    | Noticed an orc high priest
 25341 | Orc:2    | Offered knowledge of Fireball by Vehumet.
 25343 | Orc:2    | Killed an orc high priest
 25687 | Orc:2    | Found Kulouguuf's General Store.
 25687 | Orc:2    | Noticed an orc high priest
 25695 | Orc:2    | Noticed an orc high priest
 25895 | Orc:2    | Killed an orc high priest
 25911 | Orc:2    | Noticed an orc high priest
 26104 | Orc:2    | Killed an orc high priest
 26550 | Orc:2    | Killed an orc high priest
 26733 | Orc:2    | Found Liecs's Jewellery Emporium.
 26738 | Orc:2    | Bought a scroll of identify for 30 gold pieces
 26738 | Orc:2    | Bought a scroll of identify for 30 gold pieces
 26738 | Orc:2    | Bought 3 scrolls of identify for 90 gold pieces
 26738 | Orc:2    | Bought a scroll of teleportation for 45 gold pieces
 26756 | Orc:2    | Found a staircase to the Elven Halls.
 26942 | Orc:2    | Noticed an orc high priest
 26944 | Orc:2    | Reached ***** piety under Vehumet
 26945 | Orc:2    | Noticed an orc high priest
 26946 | Orc:2    | Noticed an orc high priest
 26957 | Orc:2    | Killed an orc high priest
 26957 | Orc:2    | Offered knowledge of Arcjolt by Vehumet.
 26958 | Orc:2    | Reached skill level 10 in Conjurations
 26984 | Orc:2    | Learned a level 5 spell: Arcjolt
 27519 | Orc:2    | Found Buifuann's Assorted Antiques.
 27519 | Orc:2    | Found Daz Veod's General Store.
 27526 | Orc:2    | Bought a scroll of revelation for 82 gold pieces
 27535 | Orc:2    | Bought a scroll labelled LAEFUA UZUWU for 33 gold pieces
 27585 | Orc:2    | Killed an orc high priest
 27758 | Orc:2    | Killed an orc high priest
 28598 | D:10     | Reached skill level 5 in Fighting
 28905 | D:10     | Found Ycwapt's Assorted Antiques.
 28913 | D:10     | Bought a scroll of revelation for 150 gold pieces
 29116 | D:10     | Found a viscous altar of Jiyva.
 29301 | D:10     | Reached skill level 15 in Spellcasting
 29385 | D:10     | Noticed a seven-headed hydra
 29428 | D:10     | Killed a seven-headed hydra
 29534 | D:10     | Noticed an eight-headed hydra
 30233 | D:10     | Killed an eight-headed hydra
 30327 | D:10     | Found an opulent altar of Gozag.
 30836 | Lair:1   | Reached XP level 13. HP: 44/64 MP: 31/33
 32436 | Lair:1   | Got the Volume of Translocational Arson
 32472 | Lair:2   | Found a glowing golden altar of the Shining One.
 32475 | Lair:1   | Upgraded the game from 0.31-a0-217-g58bb5d79cf to
                  | 0.31-a0-219-g8d62b2e7bb
 32910 | Lair:1   | Learned a level 4 spell: Sticky Flame
 32914 | Lair:1   | Learned a level 3 spell: Stone Arrow
 33067 | D:11     | Reached skill level 15 in Stealth
 33138 | D:11     | Reached skill level 16 in Spellcasting
 33484 | D:11     | Reached skill level 1 in Earth Magic
 33986 | D:11     | Noticed Sonja
 33987 | D:11     | Killed Sonja
 34068 | D:11     | Noticed Fannar
 34080 | D:11     | Killed Fannar
 35664 | D:12     | Killed Urug
 36667 | Lair:2   | Reached XP level 14. HP: 70/70 MP: 5/35
 36825 | Lair:2   | Offered knowledge of Airstrike by Vehumet.
 37145 | Lair:2   | Found a hole to the Spider Nest.
 38338 | Lair:3   | Found an opulent altar of Gozag.
 39427 | Lair:3   | Found a staircase to the Swamp.
 40324 | Lair:4   | Reached skill level 5 in Shields
 40474 | Lair:4   | Reached skill level 17 in Spellcasting
 41781 | Lair:5   | Entered Level 5 of the Lair of Beasts
 42285 | Lair:5   | Found a staircase to the Slime Pits.
 42404 | Lair:5   | Reached skill level 5 in Earth Magic
 43156 | Lair:5   | Offered knowledge of Lee's Rapid Deconstruction by Vehumet.
 43179 | Lair:5   | Learned a level 5 spell: Lee's Rapid Deconstruction
 45809 | Lair:5   | Identified the staff of Tender Mercy {rElec rPois rF- rC+
                  | rN+++ Ice}
 45954 | Swamp:1  | Entered Level 1 of the Swamp
 46150 | Spider:1 | Entered Level 1 of the Spider Nest
 46255 | Spider:1 | Reached XP level 15. HP: 54/75 MP: 16/37
 46369 | Lair:2   | Reached skill level 5 in Dodging
 48011 | Lair:1   | Learned a level 2 spell: Passwall
 50520 | D:12     | Offered knowledge of Yara's Violent Unravelling by Vehumet.
 50847 | D:13     | Noticed Erolcha
 50855 | D:13     | Killed Erolcha
 51795 | D:13     | Reached skill level 18 in Spellcasting
 51969 | D:13     | Found a transporter.
 51972 | D:13     | Found a transporter.
 52747 | D:13     | Noticed Rupert
 52770 | D:13     | Killed Rupert
 53141 | D:13     | Noticed Etrocim's ghost (journeyman KoDe)
 53445 | D:5      | Killed innerfire43's ghost
 53762 | D:9      | Killed AwFulAwFulPlayer's ghost
 54911 | Orc:2    | Bought the amulet of Aseudd {RegenMP rF+} for 660 gold
                  | pieces
 55523 | D:14     | Found a gate to the Vaults.
 56423 | D:15     | Entered Level 15 of the Dungeon
 57172 | D:15     | Offered knowledge of Leda's Unmaking by Vehumet.
 57250 | D:14     | Learned a level 6 spell: Leda's Unmaking
 57458 | D:15     | Found Awkoclowk's Jewellery Boutique.
 57477 | D:15     | Bought the ring of Ytises {Fly rC+} for 472 gold pieces
 58811 | D:15     | Reached XP level 16. HP: 81/81 MP: 20/39
 59074 | D:15     | Found a staircase to the Depths.
 59384 | Lair:2   | Learned a level 4 spell: Petrify
 62285 | Spider:2 | Noticed Frances
 64284 | Spider:2 | Killed Frances
 65472 | Spider:2 | Reached skill level 19 in Spellcasting
 66457 | Swamp:1  | HP: 3/81 [acid (8)]
 66457 | Swamp:1  | HP: 1/81 [spriggan rider/+0 spear (2)]
 66458 | Swamp:1  | You are sucked into a shaft and drop 1 floor!
 66458 | Swamp:2  | Noticed Nikola
 67813 | Spider:2 | Learned a level 8 spell: Lehudib's Crystal Spear
 69299 | Spider:3 | Noticed Aizul
 70888 | Spider:4 | Entered Level 4 of the Spider Nest
 71257 | Elf:1    | Entered Level 1 of the Elven Halls
 71520 | Elf:1    | Noticed Zenata
 71569 | Elf:1    | HP: 1/82 [+0 heavy battleaxe[Zenata] (18)]
 72740 | Orc:1    | Killed from afar by an orc sorcerer

Illustrated notes

Levels and vault maps discovered:
D:1:      dpeg_arrival_rhombus, layout_basic, minivault_11
D:2:      minmay_razor_zed, layout_basic, serial_glass, glass_columns_b,
          glass_columns_b, minmay_tromino_mix6
D:3:      layout_loops_ring, kennysheep_generic_room_8, uniq_crazy_yiuf_cottage
D:4:      layout_basic, uniq_pikel
D:5:      layout_basic, marbit_many_paths, general_overflow_altar,
          ebering_ghost_inner_flame, kennysheep_generic_room_7
D:6:      layout_basic, mainiacjoe_overflow_surrounded_room, temple_statues,
          cheibrodos_sewer_entry_bend, enter_ossuary_4, minmay_crystal_water,
          nicolae_concentric_dashed_squares_mild, nzn_random_ring,
          uniq_blork_the_orc, uniq_grinder
D:7:      layout_loops_corners, serial_demonic, serial_demonic_a,
          serial_demonic_a, serial_demonic_c, serial_demonic_g
D:8:      layout_loops_ring, minmay_lair_entry_grove, uniq_maurice,
          uniq_gastronok
D:9:      layout_basic, lemuel_doored_altar, erik_orc_4, ebering_ghost_xom,
          chequers_serial_rivers_micro_d, uniq_harold
D:10:     minmay_shrinking_squares, layout_loops_corners,
          lemuel_coloured_pillars_altar, overflow_temple_1_default,
          serial_shops, shop, shop, jiyva_altar_1
D:11:     layout_roguey, amcnicky_mini_pool_small, uniq_fannar, uniq_sonja
D:12:     layout_cave_pools, special_room [special_room_bee], uniq_urug
D:13:     layout_gridville, gammafunk_ghost_hive, uniq_rupert, uniq_erolcha
D:14:     layout_roguey, ximxim_vaults_locker_room,
          chequers_serial_rivers_micro_a
D:15:     grunt_enter_depths_magical_seal, layout_loops_ring,
          nicolae_concentric_dashed_squares_wild, serial_shops, shop
Temple:   lightli_temple_of_artemis
Lair:1:   statuecave_lemuel, layout_regular_city, worms_lemuel,
          grunt_megastairs_4
Lair:2:   layout_regular_city, nicolae_spider_entry_non_spiders,
          serial_bayou_lagoon_a, lemuel_oklob_altar, serial_bayou_shore_a,
          lemuel_fruit_fields
Lair:3:   layout_chaotic_city, nicolae_swamp_entry_spooky, basic_altar,
          grunt_megastairs_5
Lair:4:   layout_regular_city
Lair:5:   evilmike_catoblepas_cave, layout_small_grid,
          nicolae_slime_entry_field_trip
Swamp:1:  layout_falls_marsh, evilmike_swamp_ruin_house_2, swamp_pool1,
          infiniplex_staircase_pool_2, uniq_kirke
Swamp:2:  layout_falls_marsh, nicolae_swamp_fairy_circle, swamp_pool1,
          lightli_tree_ring, uniq_nikola
Spider:1: layout_cave_pods, hellmonk_test_site
Spider:2: layout_chambers, nicolae_spider_cling_halls, uniq_frances
Spider:3: layout_chambers, uniq_aizul
Spider:4: hellmonk_spider_rune_endless_swarm,
          portal_ice_cave_entry_pillars_three, uniq_roxanne, uniq_arachne
Orc:1:    layout_caves
Orc:2:    st_orc_town, layout_caves, basic_altar
Elf:1:    eino_elf_arrival_the_gate, layout_rooms, hangedman_elf_represent,
          uniq_zenata
Elf:2:    elven_hall_of_blades_hangedman_original
          [nicolae_blade_entry_sentries_behind_glass], layout_gridlike,
          st_stairs_12, grunt_ministairs_2,
          nicolae_elf_glass_and_crystal_pillar_1, uniq_azrael

Skill      XL: |  1  2  3  4  5  6  7  8  9 10 11 12 13 14 15 16 |
---------------+-------------------------------------------------+-----
Conjurations   | 3 4 5 6 7 8 9 10 11 12 13 | 13.3
Spellcasting   | 3 4 6 7 9 11 12 14 15 16 17 18 19 | 19.4
Stealth        | 4 6 7 9 10 11 13 14 15 16 | 16.5
Fighting       | 2 4 5 6 7 8 |  8.5
Transmutations | 1 3 |  3.2
Shields        | 2 3 4 5 6 |  6.9
Earth Magic    | 3 6 7 9 |  9.3
Dodging        | 4 7 8 |  8.7

Action                     |  1- 3 |  4- 6 |  7- 9 | 10-12 | 13-15 | 16-18 || total
---------------------------+-------+-------+-------+-------+-------+-------++-------
  Melee: Morningstar       |       |       |       |     5 |     5 |       ||    10
   Cast: Magic Dart        |    91 |    78 |   147 |   327 |   208 |    46 ||   897
         Searing Ray       |     7 |    31 |   126 |   310 |    22 |     6 ||   502
         Poisonous Vapours |       |       |       |    17 |       |       ||    17
         Olgreb's Toxic Ra |       |       |       |    71 |    38 |    39 ||   148
         Fulminant Prism   |       |       |       |    44 |    43 |     3 ||    90
         Mephitic Cloud    |       |       |       |    27 |    37 |     5 ||    69
         Iskenderun's Myst |       |       |       |     3 |       |       ||     3
         Arcjolt           |       |       |       |     6 |    16 |       ||    22
         Stone Arrow       |       |       |       |       |   859 |   101 ||   960
         Lee's Rapid Decon |       |       |       |       |     9 |       ||     9
         Leda's Unmaking   |       |       |       |       |    26 |   184 ||   210
         Sticky Flame      |       |       |       |       |     1 |       ||     1
         Petrify           |       |       |       |       |       |    38 ||    38
  Evoke: Wand              |       |       |       |    11 |       |     1 ||    12
    Use: Scroll            |       |    10 |     1 |    15 |    10 |     5 ||    41
         Potion            |       |       |       |     5 |     2 |     5 ||    12
 Armour: Robe              |     2 |     2 |     6 |     5 |    13 |     9 ||    37
  Dodge: Dodged            |     3 |     7 |    41 |   116 |   101 |    95 ||   363
         Repelled          |       |       |       |     5 |     4 |     8 ||    17
  Block: Other             |       |     3 |    12 |    17 |       |       ||    32
         Reflection        |       |     1 |       |    13 |    20 |       ||    34
         Buckler           |       |       |       |    54 |   113 |    33 ||   200

Table legend: (Time is in decaauts)
 A = Elapsed time spent in this place.
 B = Non-inter-level travel time spent in this place.
 C = Inter-level travel time spent in this place.
 D = Time resting spent in this place.
 E = Time spent auto-exploring this place.
 F = Levels seen in this place.
 G = Mean time per level.
                   A        B        C        D        E       F      G
               +--------+--------+--------+--------+--------+-----+--------+
         Total |  61833 |  58951 |   2882 |  38336 |  11406 |  32 | 1932.3 |
       Dungeon |  33307 |  31563 |   1744 |  19476 |   7318 |  15 | 2220.5 |
        Temple |     67 |     56 |     11 |      0 |     48 |   1 |   67.0 |
          Lair |  12804 |  12103 |    701 |   7623 |   2326 |   5 | 2560.8 |
         Swamp |    287 |    287 |      0 |    219 |      0 |   2 |  143.5 |
   Spider Nest |   9223 |   8986 |    237 |   6823 |   1113 |   4 | 2305.8 |
  Orcish Mines |   4229 |   4044 |    185 |   2840 |    480 |   2 | 2114.5 |
   Elven Halls |    855 |    855 |      0 |    610 |     70 |   2 |  427.5 |
       Ossuary |   1058 |   1058 |      0 |    743 |     48 |   1 | 1058.0 |
               +--------+--------+--------+--------+--------+-----+--------+

Top non-repeatable levels by time:
Spider:2: 4117 daAuts
  Lair:2: 3740 daAuts
     D:7: 3431 daAuts
     D:8: 3296 daAuts
Spider:1: 3282 daAuts
     D:6: 3196 daAuts
  Lair:5: 3049 daAuts
     D:9: 2999 daAuts
    D:12: 2836 daAuts
   Orc:2: 2561 daAuts
    D:10: 2510 daAuts
    D:11: 2488 daAuts
    D:15: 2282 daAuts
  Lair:1: 2080 daAuts
  Lair:3: 2075 daAuts
